 Dungeon Crawl Stone Soup version 0.25.1-2-g60ff931df9 (webtiles) character file.

Game seed: 10780479403529757454

290 raphaelitos the Conjurer (level 5, -5/40 HPs)
             Began as a Demigod Conjurer on Nov 26, 2020.
             Slain by a centaur (8 damage)
             ... on level 5 of the Dungeon.
             The game lasted 00:08:21 (4056 turns).

raphaelitos the Conjurer (Demigod Conjurer)         Turns: 4056, Time: 00:08:22

Health: -5/40      AC:  3    Str: 13    XL:     5   Next: 83%
Magic:  7/11       EV: 12    Int: 25    God:
Gold:   148        SH:  0    Dex: 16    Spells: 2/8 levels left

rFire    . . .     SeeInvis +   m - +0 rapier
rCold    . . .     Gourm    .   (no shield)
rNeg     . . .     Faith    .   r - +0 leather armour
rPois    .         Spirit   .   (no helmet)
rElec    .         Reflect  .   (no cloak)
rCorr    .         Harm     .   (no gloves)
MR       .....                  (no boots)
Stlth    ++........             (no amulet)
HPRegen  0.13/turn              h - +6 ring of intelligence
MPRegen  0.12/turn              z - ring of see invisible

@: no status effects
A: high mp 1
a: no special abilities


You were on level 5 of the Dungeon.
You were not hungry.

You visited 1 branch of the dungeon, and saw 5 of its levels.

You collected 148 gold pieces.

Inventory:

Hand Weapons
 i - a +0 short sword
 m - a +0 rapier (weapon)
Missiles
 e - 19 arrows
 u - 26 bolts
 w - 21 sling bullets
 x - 4 boomerangs (quivered)
Armour
 a - a +0 robe
 r - a +0 leather armour (worn)
Jewellery
 b - an uncursed ring of fire
 h - a +6 ring of intelligence (left hand)
 v - an uncursed ring of flight
 z - a ring of see invisible (right hand)
Scrolls
 j - a scroll of enchant armour {unknown}
 k - 5 scrolls of remove curse
 l - a scroll of enchant weapon {unknown}
 q - a scroll of teleportation
 t - a scroll of identify
 y - a scroll of magic mapping
Potions
 d - 2 potions of stabbing
 f - 2 potions of heal wounds
 n - a potion of might
 o - a potion of flight {unknown}
 p - 3 potions of curing
 s - a potion of haste {unknown}
Comestibles
 c - 9 rations


   Skills:
 + Level 1.5 Fighting
 + Level 0.8 Short Blades
 + Level 2.4 Armour
 + Level 2.3 Dodging
 + Level 2.4 Stealth
 + Level 0.8 Unarmed Combat
 + Level 2.3 Spellcasting
 + Level 4.7 Conjurations


You had 2 spell levels left.
You knew the following spells:

 Your Spells              Type           Power        Failure   Level  Hunger
a - Magic Dart            Conj           ####         1%          1    None
b - Searing Ray           Conj           ####..       3%          2    ##.....
c - Dazzling Flash        Conj/Hex       ##....       16%         3    ###....

Your spell library contained the following spells:

 Spells                   Type           Power        Failure   Level  Hunger
 Fulminant Prism          Conj/Hex       ##........   45%         4    ####...
 Iskenderun's Mystic Bla  Conj/Tloc      ##......     45%         4    ####...


Dungeon Overview and Level Annotations

Branches:
Dungeon (5/15)             Temple (0/1) D:4


Innate Abilities, Weirdness & Mutations

You have an increased reservoir of magic. (+10% MP)


Message History

The centaur shoots an arrow.
The arrow hits you.
The centaur shoots an arrow.
The arrow hits you!
You see here 17 sling bullets.
The centaur shoots an arrow.
The arrow closely misses you.
The centaur shoots an arrow.
The arrow hits you!
* * * LOW HITPOINT WARNING * * *
As you read the scroll of fog, it crumbles to dust.
The scroll dissolves into smoke.
The centaur shoots an arrow.
The arrow hits you but does no damage.
You see here an arrow.
The centaur unwields a +0 shortbow.
The centaur barely misses you.
You hit the centaur.
The centaur is moderately wounded.
The centaur hits you.
* * * LOW HITPOINT WARNING * * *
The centaur closely misses you.
You hit the centaur but do no damage.
The centaur is moderately wounded.
The centaur hits you!
You die...

..# #.# #.## #.. #...
#.. #..# ####.. #§§#
...... #§§# #.#Z. gg
#.#####§§# #.#.# #.
....§§§§§#######.#.###g
#.#.§c@§§§....S......g.
#.c.#§##§#######.#g####
....§§...# #.#<#
#........#######.#.#
...............))...#
##.###.......####.###
#. #.##.##.# #.# # #.
#.##.# #.# .. #.##.#
#)#


You could see a centaur.

Vanquished Creatures
  A scorpion (D:4)
  A hound (D:4)
  A worker ant (D:4)
  6 gnolls
  A howler monkey skeleton (D:5)
  5 adders
  5 worms
  A dart slug (D:3)
  A leopard gecko (D:5)
  2 bats
  6 giant cockroaches
  5 hobgoblins
  4 jackals (D:3)
  2 quokkas
  A ball python (D:2)
  5 frilled lizards
  7 goblins
  3 kobolds
  A leopard gecko zombie (D:5)
  A quokka skeleton (D:4)
  6 rats
65 creatures vanquished.

Notes
Turn   | Place    | Note
-------+----------+-------------------------------------------
     0 | D:1      | raphaelitos the Demigod Conjurer began the quest for the
                  | Orb.
     0 | D:1      | Reached XP level 1. HP: 14/14 MP: 5/5
   701 | D:1      | Reached skill level 4 in Conjurations
   701 | D:1      | Reached XP level 2. HP: 20/20 MP: 4/7
   853 | D:1      | Learned a level 2 spell: Searing Ray
  1211 | D:2      | Reached XP level 3. HP: 11/26 MP: 6/8
  1476 | D:2      | Learned a level 3 spell: Dazzling Flash
  1513 | D:2      | Found a glowing silver altar of Zin.
  2043 | D:3      | Reached skill level 1 in Armour
  2050 | D:3      | Reached XP level 4. HP: 23/33 MP: 1/9
  2082 | D:3      | Found a hide-covered altar of Uskayaw.
  3016 | D:4      | Reached XP level 5. HP: 38/39 MP: 6/11
  3341 | D:4      | Reached skill level 1 in Fighting
  3598 | D:4      | Found a glowing golden altar of the Shining One.
  3630 | D:4      | Found a staircase to the Ecumenical Temple.
  3943 | D:5      | Entered Level 5 of the Dungeon
  4046 | D:5      | Noticed a centaur
  4056 | D:5      | Slain by a centaur

Illustrated notes

Levels and vault maps discovered:
D:1:      nicolae_arrival_somewhat_less_tricky_arrival, layout_basic
D:2:      layout_rooms, nicolae_overflow_hidden_temple, columned_hall_lemuel
D:3:      layout_rooms, eat_drink_and_be_merry_uskayaw, first_ration
D:4:      layout_gridville, old_standard_altar, minmay_temple_entry_fiery,
          minmay_misc_feat_enclosed, minmay_misc_feat_cross, moated_statue,
          st_stairs_5, hangedman_decor_opposing
D:5:      layout_loops_ring, gammafunk_temple_overflow_statue

Skill      XL: |  1  2  3  4  5 |
---------------+----------------+-----
Conjurations   | 4 |  4.7
Spellcasting   | 2 |  2.3
Dodging        | 2 |  2.3
Armour         | 1 2 |  2.4
Stealth        | 2 |  2.4
Fighting       | 1 |  1.5
Short Blades   | |  0.8
Unarmed Combat | |  0.8

Action                   |  1- 3 |  4- 6 || total
-------------------------+-------+-------++-------
Melee: Short sword       |    32 |       ||    32
       Unarmed           |    12 |       ||    12
       Rapier            |       |    14 ||    14
 Cast: Magic Dart        |    50 |    35 ||    85
       Searing Ray       |     7 |    11 ||    18
  Use: Scroll            |     5 |     4 ||     9
       Potion            |     1 |       ||     1
 Stab: Sleeping          |       |     2 ||     2
  Eat: Chunk             |     4 |     7 ||    11
Armor: Ring mail         |    13 |       ||    13
       Leather armour    |       |     4 ||     4
Dodge: Dodged            |    30 |    14 ||    44
